 Dungeon Crawl Stone Soup version 0.27-a0-1188-g73eefd5def (webtiles) character file.

Game seed: 11118666805656834044

13 ahrsahrtis the Magician (level 2, 0/15 HPs)
             Began as a Vine Stalker Wanderer on May 20, 2021.
             Slain by an adder (2 damage)
             ... on level 2 of the Dungeon.
             The game lasted 00:04:04 (926 turns).

ahrsahrtis the Magician (Vine Stalker Wanderer)      Turns: 926, Time: 00:04:04

Health: 0/15       AC:  2    Str: 12    XL:     2   Next: 37%
Magic:  0/7        EV: 10    Int: 11    God:
Gold:   29         SH:  4    Dex: 16    Spells: 6/7 levels left

rFire    . . .     SeeInvis .   a - +0 dagger
rCold    . . .     Faith    .   i - +0 buckler
rNeg     . . .     Spirit   +   e - +0 robe
rPois    .         Reflect  .   (no helmet)
rElec    .         Harm     .   (no cloak)
rCorr    .         Rampage  .   (no gloves)
Will     .....                  (no boots)
Stlth    ++........             (no amulet)
HPRegen  0.05/turn              (no ring)
MPRegen  0.10/turn              (no ring)

@: lethally poisoned (0 -> -6)
A: fangs 2, magic shield, antimagic bite, no potion heal 2
a: no special abilities


You were on level 2 of the Dungeon.
You visited 1 branch of the dungeon, and saw 2 of its levels.

You collected 29 gold pieces.

Inventory:

Hand Weapons
 a - a +0 dagger (weapon)
Armour
 e - a +0 robe (worn)
 i - a +0 buckler (worn)
Scrolls
 b - a scroll of blinking
 c - a scroll of amnesia {unknown}
 g - a scroll of identify {unknown}
 j - a scroll of vulnerability {unknown}
 k - a scroll of magic mapping {unknown}
Potions
 d - 2 potions of curing
 f - a potion of haste
 h - a potion of magic {unknown}
 l - a potion of invisibility {unknown}


   Skills:
 * Level 2.0 Fighting
 - Level 1.0 Throwing
 + Level 0.4 Armour
 + Level 1.6 Stealth
 + Level 0.2 Shields
 - Level 1.0 Unarmed Combat
 + Level 3.3 Spellcasting
 * Level 0.8 Conjurations
 - Level 1.0 Fire Magic
 - Level 1.0 Ice Magic


You had 6 spell levels left.
You knew the following spells:

 Your Spells              Type           Power      Damage    Failure   Level
a - Shock                 Conj/Air       8%         1d3       34%         1

Your spell library contained the following spells:

 Spells                   Type           Power      Damage    Failure   Level
 Swiftness                Air            1%         N/A       77%         3


Dungeon Overview and Level Annotations

Branches:
Dungeon (2/15)

Altars:


Innate Abilities, Weirdness & Mutations

You have extremely sharp teeth.
When hurt, damage is shared between your health and your magic reserves.
Your bite disrupts and absorbs the magic of your enemies.
Potions cannot restore your health.


Message History

You hit the endoplasm. You bite the endoplasm. You drain its power.
You feel invigorated.
The endoplasm is almost dead.
The endoplasm closely misses you.
You hit the endoplasm.
You kill the endoplasm!
No target in view!
HP restored.
An adder comes into view.
An adder is nearby!
A rat comes into view.
An adder comes into view.
The rat bites you.
Found a ring mail.
Found a stone staircase leading down.
The adder hisses angrily.
You hit the rat.
You kill the rat!
The helpless adder fails to defend itself.
You hit the adder. You bite the adder. You drain its power.
The adder is almost dead.
The adder barely misses you. The adder bites you.
You are poisoned.
The adder poisons you! The adder bites you.
You hit the adder but do no damage.
The adder is almost dead.
You feel sick. The adder bites you.
You are lethally poisoned!
The adder poisons you! The adder barely misses you.
You hit the adder.
The adder is almost dead.
You feel sick. You block the adder's attack.
The adder bites you but does no damage.
You closely miss the adder.
The adder is almost dead.
* * * LOW HITPOINT WARNING * * *
You feel sick. You block the adder's attack. The adder bites you.
* * * LOW HITPOINT WARNING * * *
The adder bites you.
* * * LOW HITPOINT WARNING * * *
The adder bites you.
You die...

#.#...........##
###..............#
................##
....###.........#
...............##
...###..........#
. #..........#
#..........#
#....S@....#
#......S...#
##........##
#.......##
...#.##### ....#.
[.>... .. ...


You could see 2 adders.

Vanquished Creatures
  2 endoplasms
  4 goblins (D:1)
  A bat (D:1)
  2 frilled lizards
  A kobold (D:1)
  4 rats
14 creatures vanquished.

Notes
Turn   | Place    | Note
-------+----------+-------------------------------------------
     0 | D:1      | ahrsahrtis the Vine Stalker Wanderer began the quest for
                  | the Orb.
     0 | D:1      | ahrsahrtis set off with the following items: a +0 dagger, a
                  | scroll of blinking, a potion of curing, a +0 robe, a potion
                  | of haste; and the following spell memorised: Shock; and the
                  | following spells available to memorise: Swiftness
     0 | D:1      | Reached XP level 1. HP: 11/11 MP: 5/5
   264 | D:1      | Found a faded altar of an unknown god.
   479 | D:1      | Reached XP level 2. HP: 14/15 MP: 5/7
   926 | D:2      | Slain by an adder

Illustrated notes

Levels and vault maps discovered:
D:1:      lightli_arrival_windingriver, layout_basic,
          hellmonk_ecumenical_altar_crossroads
D:2:      layout_rooms

Skill      XL: |  1 |
---------------+----+-----
Fighting       | 2 |  2.0
Throwing       | |  1.0
Armour         | |  0.4
Stealth        | |  1.6
Shields        | |  0.2
Unarmed Combat | |  1.0
Spellcasting   | |  3.3
Conjurations   | |  0.8
Fire Magic     | |  1.0
Ice Magic      | |  1.0

Action                   || total
-------------------------++-------
Melee: Dagger            ||    36
       Bite              ||     8
 Cast: Shock             ||     1
 Stab: Sleeping          ||     3
Armor: Robe              ||     3
Dodge: Dodged            ||    18
Block: Buckler           ||     4

Table legend: (Time is in decaauts)
 A = Elapsed time spent in this place.
 B = Non-inter-level travel time spent in this place.
 C = Inter-level travel time spent in this place.
 D = Time resting spent in this place.
 E = Time spent auto-exploring this place.
 F = Levels seen in this place.
 G = Mean time per level.
                   A        B        C        D        E       F      G
               +--------+--------+--------+--------+--------+-----+--------+
         Total |    930 |    898 |     32 |      0 |    758 |   2 |  465.0 |
       Dungeon |    930 |    898 |     32 |      0 |    758 |   2 |  465.0 |
               +--------+--------+--------+--------+--------+-----+--------+

Top non-repeatable levels by time:
     D:1: 895 daAuts
     D:2: 35 daAuts
